 Dungeon Crawl Stone Soup version 0.21.1-1-g345015f (webtiles) character file.

206 senseless the Chopper (level 5, -8/47 HPs)
             Began as a Hill Orc Chaos Knight on July 18, 2018.
             Was an Initiate of Beogh.
             Mangled by dscm's ghost (11 damage)
             ... on level 4 of the Dungeon.
             The game lasted 00:10:24 (1779 turns).

senseless the Chopper (Hill Orc Chaos Knight)       Turns: 1779, Time: 00:10:24

Health: -8/47      AC: 10    Str: 16    XL:     5   Next: 84%
Magic:  5/5        EV: 12    Int: 12    God:    Beogh [......]
Gold:   268        SH:  0    Dex: 12    Spells: 4/4 levels left

rFire    . . .     SeeInvis .   m - +0 whip (vamp)
rCold    . . .     Gourm    .   (no shield)
rNeg     . . .     Faith    .   b - +3 leather armour
rPois    .         Spirit   .   (no helmet)
rElec    .         Reflect  .   (no cloak)
rCorr    .         Harm     .   (no gloves)
MR       .....                  e - +1 pair of boots
Stlth    +.........             (no amulet)
HPRegen  0.15/turn              d - +2 ring of dexterity
MPRegen  0.09/turn              (no ring)

@: hasted, very quick
A: thin metallic scales 1, screaming 2
a: Renounce Religion


You were on level 4 of the Dungeon.
You worshipped Beogh.
Beogh was noncommittal.
You were not hungry.

You visited 1 branch of the dungeon, and saw 4 of its levels.

You collected 268 gold pieces.

Inventory:

Hand Weapons
 a - a +0 hand axe of chaos
 j - a +1 dagger of venom
 m - a +0 vampiric whip (weapon)
Armour
 b - a +3 leather armour (worn)
 e - a +1 pair of boots (worn)
 n - a +0 leather armour of cold resistance
Jewellery
 d - a +2 ring of dexterity (left hand)
Scrolls
 g - a scroll of amnesia
 h - a scroll of remove curse
 k - a scroll of fear
Potions
 i - a potion of invisibility
Comestibles
 c - a ration


   Skills:
 + Level 4.7 Fighting
 + Level 6.3 Axes
 + Level 2.8 Armour
 + Level 1.7 Dodging
 + Level 1.0 Stealth


You had 4 spell levels left.
You didn't know any spells.

Dungeon Overview and Level Annotations

Branches:
Dungeon (4/15)
 Temple: D:4-7

Altars:
Dithmenos
Hepliaklqana
Okawaru
Xom

Annotations:
D:4 dscm's ghost, amateur OpFi


Innate Abilities, Weirdness & Mutations

You are partially covered in thin metallic scales. (AC +2)
You sometimes yell uncontrollably at your foes.


Message History

Dscm's ghost closely misses you.
You hit dscm's ghost but do no damage.
Dscm's ghost is heavily damaged.
Dscm's ghost hits you.
* * * LOW HITPOINT WARNING * * *
You closely miss dscm's ghost.
Dscm's ghost is heavily damaged.
You hit dscm's ghost but do no damage.
Dscm's ghost is heavily damaged.
Dscm's ghost barely misses you.
You miss dscm's ghost.
Dscm's ghost is heavily damaged.
Dscm's ghost hits you!
* * * LOW HITPOINT WARNING * * *
You hit dscm's ghost.
Dscm's ghost is heavily damaged.
You hit dscm's ghost.
Dscm's ghost is heavily damaged.
Dscm's ghost hits you!
You die...

# .. . .## ...
.## ..####... ...
#........
#.##.........
##............ #
..# #.W........
... #.#
#.@........
.....######.#
#..........
.......<.##.#
#......[...
#....###.##.#
##>........ #..
#..#.#####.....#.
.
##..........####
##.........#
#.).......#
#.........#


You could see dscm's ghost.

Vanquished Creatures
  A hound (D:3)
  5 adders
  An ooze (D:1)
  2 worms (D:3)
  A dart slug (D:1)
  2 leopard geckos
  A leopard gecko (shapeshifter) (D:1)
  7 orcs
  7 bats
  4 giant cockroaches
  11 goblins
  7 hobgoblins
  8 frilled lizards
  8 kobolds
  7 rats
  3 fungi (D:2)
75 creatures vanquished.

Vanquished Creatures (collateral kills)
  A centaur skeleton (D:2)
  Jessica (D:2)
  A goblin (D:2)
  A hobgoblin (D:2)
  2 fungi (D:2)
6 creatures vanquished.

Vanquished Creatures (others)
  An orc (D:3)
1 creature vanquished.

Grand Total: 82 creatures vanquished

Notes
Turn   | Place    | Note
-------+----------+-------------------------------------------
     0 | D:1      | senseless the Hill Orc Chaos Knight began the quest for the Orb.
     0 | D:1      | Reached XP level 1. HP: 19/19 MP: 1/1
    43 | D:1      | Reached skill level 1 in Dodging
    88 | D:1      | XOM: divination: magic mapping
    89 | D:1      | Reached XP level 2. HP: 26/27 MP: 2/2
   229 | D:1      | Reached XP level 3. HP: 25/33 MP: 3/3
   499 | D:1      | XOM: scenery: create altars
   516 | D:1      | XOM: give mutation
   516 | D:1      | Gained mutation: You are robust. (+10% HP) [Xom's grace]
   589 | D:2      | Reached skill level 5 in Axes
   657 | D:2      | Noticed Jessica
   663 | D:2      | Reached XP level 4. HP: 37/45 MP: 4/4
   666 | D:2      | Killed Jessica
   792 | D:2      | Found an iron altar of Okawaru.
   868 | D:2      | Reached XP level 5. HP: 26/51 MP: 5/5
  1095 | D:2      | XOM: fog
  1259 | D:3      | Reached skill level 6 in Axes
  1272 | D:3      | Reached skill level 1 in Stealth
  1349 | D:3      | XOM: give mutations
  1349 | D:3      | Gained mutation: You occasionally shout uncontrollably at your foes. [Xom's mischief]
  1349 | D:3      | Gained mutation: You are partially covered in thin metallic scales. (AC +2) [Xom's mischief]
  1349 | D:3      | Gained mutation: You sometimes yell uncontrollably at your foes. [Xom's mischief]
  1349 | D:3      | Lost mutation: You are robust. (+10% HP) [Xom's mischief]
  1359 | D:3      | Found a hazy altar of Hepliaklqana.
  1545 | D:3      | Fell from the grace of Xom
  1545 | D:3      | Became a worshipper of Beogh the Brigand
  1625 | D:3      | Found a shadowy altar of Dithmenos.
  1760 | D:4      | Noticed dscm's ghost (amateur OpFi)
  1779 | D:4      | Mangled by dscm's ghost

Skill      XL: |  1  2  3  4  5 |
---------------+----------------+-----
Dodging        | 1 |  1.7
Fighting       | 4 |  4.7
Axes           | 5 6 |  6.3
Stealth        | 1 |  1.0
Armour         | |  2.8

Action                   |  1- 3 |  4- 6 || total
-------------------------+-------+-------++-------
Melee: Hand axe          |    85 |   133 ||   218
       Whip              |       |    15 ||    15
Invok: Convert to Beogh  |       |     1 ||     1
  Use: Potion            |     6 |     1 ||     7
       Scroll            |     5 |     3 ||     8
 Stab: Paralysed         |     1 |     1 ||     2
       Petrified         |     1 |       ||     1
       Sleeping          |     1 |       ||     1
  Eat: Chunk             |       |     3 ||     3
       Ration            |       |     2 ||     2
Armor: Leather armour    |    50 |    43 ||    93
Dodge: Dodged            |    45 |    71 ||   116
